[Event "Cracovia Festival-A 2023"]
[Site "Krakow"]
[Date "2023.12.27"]
[Round "1.16"]
[White "Selbes, Tamer Tarik"]
[Black "Schwabeneder, Florian"]
[Result "0-1"]
[ECO "B07"]
[WhiteElo "2185"]
[BlackElo "2402"]
[Annotator "RC"]
[PlyCount "116"]
[EventDate "2023.12.24"]
[EventType "swiss"]
[EventCountry "POL"]
[SourceTitle "playchess.com"]
[Source "ChessBase"]
[SourceQuality "1"]
[TimeControl "40/5400+30:1800+30"]

1. e4 d6 2. d4 Nf6 3. Nc3 g6 4. g3 Bg7 5. Bg2 O-O 6. Nge2 Nbd7 7. O-O c5 8. d5 a6 9. a4 b6 10. h3 Rb8 11. g4 b5 12. axb5 axb5 13. Ng3 Ne8 14. f4 Nc7 15. e5 Nb6 16. exd6 exd6 17. f5 b4 18. Nce4 Bd4+ 19. Kh1 Ncxd5 20. Qd3 Bb7 21. Bh6 Re8 22. c3 bxc3 23. bxc3 Nxc3 24. fxg6 hxg6 25. Bg5 Rxe4 26. Bxd8 Re3 27. Qxe3 Bxe3 28. Bc7 Bxg2+ 29. Kxg2 Rb7 30. Bxd6 Nc4 31. Ra8+ Kh7 32. Bf4 Nd5 33. Bb8 Bd4 34. Kh1 Ncb6 35. Rb1 Nb4 36. Ra7 Rxb8 37. Rxf7+ Kg8 38. Re7 N6d5 39. Rd7 Re8 40. h4 Re3 41. Kg2 Nf4+ 42. Kh2 Be5 43. Rf1 Ne6 44. Rg1 c4 45. h5 g5 46. Re7 Nd5 47. Ra7 Nf6 48. Ra8+ Kf7 49. Ra7+ Nc7 50. Ra4 c3 51. Rc4 Ne4 52. Rf1+ Ke6 53. Rf5 Bxg3+ 54. Kg2 Bd6 55. h6 Rg3+ 56. Kh1 Rxg4 57. h7 Kxf5 58. Rc5+ Bxc5 0-1

[Event "Cracovia Festival-A 2023"]
[Site "Krakow"]
[Date "2023.12.27"]
[Round "1.17"]
[White "Dzida, Kamil"]
[Black "Zdybel, Przemyslaw"]
[Result "1-0"]
[ECO "C03"]
[WhiteElo "2396"]
[BlackElo "2180"]
[Annotator "ChessBase"]
[PlyCount "55"]
[EventDate "2023.12.24"]
[EventType "swiss"]
[EventCountry "POL"]
[SourceTitle "playchess.com"]
[Source "ChessBase"]
[SourceQuality "1"]
[TimeControl "40/5400+30:1800+30"]

1. e4 e6 2. d4 d5 3. Nd2 Nd7 4. Ngf3 dxe4 5. Nxe4 Ngf6 6. Nxf6+ Nxf6 7. Be3 Bd6 8. Bd3 b6 9. Ne5 Bxe5 10. dxe5 Nd5 11. Qg4 Kf8 12. Bg5 Qe8 13. c4 Nb4 14. Be4 Rb8 15. Rd1 Bd7 16. O-O h6 17. Bf6 gxf6 18. exf6 Rg8 19. Qf4 Qc8 20. Qxh6+ Ke8 21. Rfe1 Bc6 22. Qh7 Kf8 23. a3 Bxe4 24. Rxe4 Nc6 25. Qh6+ Ke8 26. Rg4 Rf8 27. Rh4 Rg8 28. Qg7 1-0

[Event "Cracovia Festival-A 2023"]
[Site "Krakow"]
[Date "2023.12.27"]
[Round "1.18"]
[White "Leskiewicz, Ignacy"]
[Black "Bogdanov, Egor"]
[Result "0-1"]
[ECO "A05"]
[WhiteElo "2177"]
[BlackElo "2394"]
[Annotator "RC"]
[PlyCount "84"]
[EventDate "2023.12.24"]
[EventType "swiss"]
[EventCountry "POL"]
[SourceTitle "playchess.com"]
[Source "ChessBase"]
[SourceQuality "1"]
[TimeControl "40/5400+30:1800+30"]

1. Nf3 Nf6 2. c4 g6 3. b3 Bg7 4. Bb2 c5 5. g3 Nc6 6. Bg2 d6 7. O-O O-O 8. d4 cxd4 9. Nxd4 Bd7 10. e3 Qc8 11. Nc3 Bh3 12. Nxc6 bxc6 13. Qf3 Bxg2 14. Kxg2 Nd7 15. Rac1 Qb7 16. Qe2 Nc5 17. h4 a5 18. Ba3 Nd7 19. c5 d5 20. Nxd5 cxd5 21. c6 Qc7 22. cxd7 Qxd7 23. Rc5 Rfc8 24. Rfc1 e6 25. Rxc8+ Rxc8 26. Rxc8+ Qxc8 27. Qb5 h5 28. Bd6 Kh7 29. Qc5 Qa8 30. Kg1 d4 31. Be5 Bxe5 32. Qxe5 d3 33. Qd4 Qa6 34. e4 Qb5 35. Kg2 e5 36. Qd6 a4 37. bxa4 Qc4 38. a5 Qxe4+ 39. Kh2 Qf3 40. a6 Qxf2+ 41. Kh3 e4 42. a4 Qg1 0-1

[Event "Cracovia Festival-A 2023"]
[Site "Krakow"]
[Date "2023.12.27"]
[Round "1.19"]
[White "Niedbala, Bartlomiej"]
[Black "Podolskyi, Mykhailo"]
[Result "0-1"]
[ECO "B40"]
[WhiteElo "2393"]
[BlackElo "2177"]
[Annotator "RC"]
[PlyCount "102"]
[EventDate "2023.12.24"]
[EventType "swiss"]
[EventCountry "POL"]
[SourceTitle "playchess.com"]
[Source "ChessBase"]
[SourceQuality "1"]
[TimeControl "40/5400+30:1800+30"]

1. e4 c5 2. Nf3 e6 3. d4 cxd4 4. Nxd4 Nf6 5. Nc3 Nc6 6. Nxc6 bxc6 7. e5 Nd5 8. Ne4 Qc7 9. f4 Qb6 10. c4 Bb4+ 11. Ke2 Ba6 12. Kf3 f5 13. exf6 Nxf6 14. c5 Qa5 15. Nd6+ Ke7 16. Bxa6 Qxa6 17. Be3 Raf8 18. Qd4 Ba5 19. Rad1 Bc7 20. a3 Rhg8 21. f5 g5 22. g4 Nd5 23. h4 gxh4 24. Rxh4 Bxd6 25. cxd6+ Kd8 26. Qxa7 Qxa7 27. Bxa7 exf5 28. g5 Rxg5 29. Rxh7 Rg6 30. Re1 Nf6 31. Rhe7 Ne4 32. Bb6+ Kc8 33. Bc7 Nxd6 34. Ba5 Ne4 35. Rd1 Rd6 36. Rh1 Rd5 37. Bb4 Rg8 38. Be1 Rd1 39. Re5 Rf8 40. Kf4 Nf2 41. Bxf2 Rxh1 42. Ra5 Rf7 43. b4 Rf1 44. Kf3 Rc1 45. Be3 Rc3 46. Kf4 Rc4+ 47. Kf3 f4 48. Bc5 Rc3+ 49. Kf2 f3 50. Bd6 Rc2+ 51. Ke3 f2 0-1

[Event "Cracovia Festival-A 2023"]
[Site "Krakow"]
[Date "2023.12.27"]
[Round "1.20"]
[White "Szczurek, Krzysztof"]
[Black "Sieciechowicz, Marcin"]
[Result "0-1"]
[ECO "D14"]
[WhiteElo "2175"]
[BlackElo "2391"]
[Annotator "RC"]
[PlyCount "134"]
[EventDate "2023.12.24"]
[EventType "swiss"]
[EventCountry "POL"]
[SourceTitle "playchess.com"]
[Source "ChessBase"]
[SourceQuality "1"]
[TimeControl "40/5400+30:1800+30"]

1. d4 Nf6 2. Nf3 d5 3. c4 c6 4. cxd5 cxd5 5. Nc3 Nc6 6. Bf4 Bf5 7. e3 e6 8. Bd3 Bxd3 9. Qxd3 Be7 10. h3 O-O 11. O-O Rc8 12. Rfc1 a6 13. Nd2 Na5 14. Ne2 Qd7 15. Be5 b5 16. Bxf6 Bxf6 17. a4 Nc4 18. b3 Nd6 19. axb5 axb5 20. Rxc8 Rxc8 21. Rc1 Ra8 22. Qc3 Be7 23. Qd3 h6 24. Nf3 b4 25. Ne5 Qb7 26. Nf4 Bf8 27. Ne2 Qb5 28. Rc5 Ra1+ 29. Rc1 Ra8 30. Rc5 Qxd3 31. Nxd3 Ne4 32. Rc2 Ra1+ 33. Ndc1 Rb1 34. g3 Bd6 35. Kg2 g5 36. Rc6 Rb2 37. Ra6 Kg7 38. Ra2 Rb1 39. Rc2 h5 40. Rc6 Rb2 41. Ra6 g4 42. h4 Rd2 43. Ra2 Rd1 44. Rc2 Kf6 45. Na2 Rb1 46. Nec1 Ke7 47. Kf1 Kd7 48. Ke2 f6 49. Kd3 e5 50. Re2 Ra1 51. Kc2 Nc3 52. Nxc3 bxc3 53. Nd3 Ra2+ 54. Kd1 Ra1+ 55. Kc2 e4 56. Nc5+ Bxc5 57. dxc5 Ra2+ 58. Kd1 Ra5 59. b4 Ra1+ 60. Kc2 Ra2+ 61. Kd1 Ra3 62. b5 Rb3 63. Rc2 f5 64. Ke2 f4 65. gxf4 d4 66. c6+ Kc7 67. Kf1 d3 0-1

[Event "Cracovia Festival-A 2023"]
[Site "Krakow"]
[Date "2023.12.27"]
[Round "1.21"]
[White "Baumegger, Siegfried"]
[Black "Kovalevsky, Stanislav"]
[Result "1-0"]
[ECO "A06"]
[WhiteElo "2388"]
[BlackElo "2163"]
[Annotator "RC"]
[PlyCount "105"]
[EventDate "2023.12.24"]
[EventType "swiss"]
[EventCountry "POL"]
[SourceTitle "playchess.com"]
[Source "ChessBase"]
[SourceQuality "1"]
[TimeControl "40/5400+30:1800+30"]

1. Nf3 d5 2. g3 Nf6 3. Bg2 g6 4. c4 c6 5. b3 Bg7 6. Bb2 O-O 7. O-O a5 8. Nc3 d4 9. Na4 Ng4 10. h3 Nh6 11. c5 e5 12. e3 Be6 13. exd4 exd4 14. d3 Na6 15. Qd2 Ra7 16. Ng5 Bd5 17. Bxd5 Qxd5 18. Rfe1 Nf5 19. Ne4 Nc7 20. Nb6 Qd8 21. Qc2 h5 22. Re2 Ne6 23. Rae1 h4 24. Nc4 hxg3 25. fxg3 Ng5 26. Kg2 Qc7 27. Ned6 Qd7 28. g4 Nh4+ 29. Kg3 Ngf3 30. Rf1 f5 31. Rxf3 Nxf3 32. Kxf3 fxg4+ 33. Kg3 Rf3+ 34. Kg2 Rxh3 35. Nd2 Ra8 36. Qc4+ Kh7 37. N2e4 Qd8 38. Nf7 Qd5 39. Nfg5+ Kh8 40. Nxh3 gxh3+ 41. Kh2 Be5+ 42. Kh1 Rf8 43. Qc1 g5 44. Qe1 Rf3 45. Bc1 Rxd3 46. Bxg5 Rf3 47. Qh4+ Kg8 48. Re1 d3 49. Qg4 Rg3 50. Qf5 Kg7 51. Rf1 Rg2 52. Qf8+ Kh7 53. Qh6+ 1-0

[Event "Cracovia Festival-A 2023"]
[Site "Krakow"]
[Date "2023.12.27"]
[Round "1.22"]
[White "Valiyev, Shahin"]
[Black "Turski, Bartlomiej"]
[Result "1-0"]
[ECO "B56"]
[WhiteElo "2158"]
[BlackElo "2380"]
[Annotator "RC"]
[PlyCount "41"]
[EventDate "2023.12.24"]
[EventType "swiss"]
[EventCountry "POL"]
[SourceTitle "playchess.com"]
[Source "ChessBase"]
[SourceQuality "1"]
[TimeControl "40/5400+30:1800+30"]

1. e4 c5 2. Nf3 Nc6 3. d4 cxd4 4. Nxd4 Nf6 5. Nc3 d6 6. f3 e5 7. Nb3 Be7 8. Be3 O-O 9. Qd2 a5 10. Bb5 Be6 11. O-O-O Qb8 12. Kb1 Rc8 13. Qf2 a4 14. Bxa4 Nb4 15. a3 Rxa4 16. Nxa4 Rxc2 17. Qe1 Qe8 18. Nb6 Rxg2 19. Qxb4 d5 20. Bc5 Bxc5 21. Nxc5 1-0

[Event "Cracovia Festival-A 2023"]
[Site "Krakow"]
[Date "2023.12.27"]
[Round "1.23"]
[White "Karolczuk, Iwo"]
[Black "Pyrig, Roman"]
[Result "1-0"]
[ECO "D02"]
[WhiteElo "2365"]
[BlackElo "2154"]
[Annotator "RC"]
[PlyCount "83"]
[EventDate "2023.12.24"]
[EventType "swiss"]
[EventCountry "POL"]
[SourceTitle "playchess.com"]
[Source "ChessBase"]
[SourceQuality "1"]
[TimeControl "40/5400+30:1800+30"]

1. d4 d5 2. Nf3 Nf6 3. c4 e6 4. g3 Bb4+ 5. Bd2 Be7 6. Bg2 O-O 7. O-O c6 8. b3 b6 9. Bc3 Nbd7 10. Nbd2 Bb7 11. Rc1 c5 12. e3 Rc8 13. Qe2 cxd4 14. Nxd4 Ba6 15. Rfd1 Ba3 16. Rb1 Qe7 17. e4 dxc4 18. b4 Nc5 19. bxc5 Bxc5 20. Nb5 Bxb5 21. Rxb5 a6 22. Rbb1 b5 23. a4 Rfd8 24. axb5 axb5 25. Rxb5 Rd3 26. Rc1 Qd7 27. Rbb1 e5 28. Bf3 Ba7 29. Rc2 Qa4 30. Rbc1 Qb5 31. Ba1 h5 32. Nxc4 Rdd8 33. Nxe5 Rxc2 34. Qxc2 h4 35. Nc6 hxg3 36. hxg3 Rd7 37. Nxa7 Rxa7 38. Bxf6 gxf6 39. Qc8+ Kg7 40. Qg4+ Kf8 41. Qh5 Qd7 42. Bg4 1-0

[Event "Cracovia Festival-A 2023"]
[Site "Krakow"]
[Date "2023.12.27"]
[Round "1.24"]
[White "Vasynda, Oleksandr"]
[Black "Kulkarni Bhakti"]
[Result "0-1"]
[ECO "A80"]
[WhiteElo "2153"]
[BlackElo "2364"]
[Annotator "RC"]
[PlyCount "76"]
[EventDate "2023.12.24"]
[EventType "swiss"]
[EventCountry "POL"]
[SourceTitle "playchess.com"]
[Source "ChessBase"]
[SourceQuality "1"]
[TimeControl "40/5400+30:1800+30"]

1. d4 f5 2. Nf3 Nf6 3. c4 e6 4. Nc3 Bb4 5. e3 b6 6. Bd3 Bb7 7. O-O O-O 8. Nd2 Qe8 9. f3 e5 10. Bxf5 exd4 11. exd4 Qe3+ 12. Kh1 Qxd4 13. Nb5 Qe5 14. Bd3 a6 15. Re1 Qh5 16. Nd4 Bd6 17. h3 Ng4 18. Qe2 Bg3 19. Rf1 Nh2 20. Rd1 c5 21. Be4 Bxe4 22. Nxe4 Bc7 23. f4 Qg6 24. Nc2 Re8 25. Qd2 Nc6 26. Ng5 h6 27. Qd5+ Kh8 28. Nf7+ Kh7 29. Na3 Ne7 30. Qd3 Nf5 31. Ne5 Rxe5 32. fxe5 Bxe5 33. Nc2 Nf1 34. Ne3 N1g3+ 35. Kg1 Bd4 36. Kh2 Qd6 37. Ng4 Nf1+ 38. Kh1 Qh2+ 0-1

[Event "Cracovia Festival-A 2023"]
[Site "Krakow"]
[Date "2023.12.28"]
[Round "2.1"]
[White "Lewicki, Miroslaw"]
[Black "Puranik, Abhimanyu"]
[Result "0-1"]
[ECO "B72"]
[WhiteElo "2321"]
[BlackElo "2627"]
[Annotator "ChessBase"]
[PlyCount "70"]
[EventDate "2023.12.24"]
[EventType "swiss"]
[EventCountry "POL"]
[SourceTitle "playchess.com"]
[Source "ChessBase"]
[SourceQuality "1"]
[TimeControl "40/5400+30:1800+30"]

1. e4 c5 2. Nf3 d6 3. d4 cxd4 4. Nxd4 Nf6 5. Nc3 Nc6 6. Be2 g6 7. Be3 Bg7 8. Qd2 O-O 9. O-O-O Ng4 10. Bxg4 Bxg4 11. f3 Be6 12. Nxe6 fxe6 13. Bh6 Bxh6 14. Qxh6 Qa5 15. h4 Qe5 16. Ne2 Rac8 17. Kb1 b5 18. Rh3 Nd8 19. Rg3 Nf7 20. Qd2 Rc5 21. f4 Qxe4 22. Re3 Qxg2 23. Rxe6 Rfc8 24. Rxe7 Rxc2 25. Qe3 Qg4 26. a3 Kf8 27. Re1 Qf5 28. Ka2 Qd5+ 29. Ka1 Qc4 30. Kb1 b4 31. Re4 Rxb2+ 32. Kxb2 Qc2+ 33. Ka1 b3 34. Re8+ Rxe8 35. Qxe8+ Kg7 0-1

[Event "Cracovia Festival-A 2023"]
[Site "Krakow"]
[Date "2023.12.28"]
[Round "2.2"]
[White "Gumularz, Szymon"]
[Black "Luczak, Filip"]
[Result "1-0"]
[ECO "A20"]
[WhiteElo "2576"]
[BlackElo "2319"]
[Annotator "ChessBase"]
[PlyCount "73"]
[EventDate "2023.12.24"]
[EventType "swiss"]
[EventCountry "POL"]
[SourceTitle "playchess.com"]
[Source "ChessBase"]
[SourceQuality "1"]
[TimeControl "40/5400+30:1800+30"]

1. c4 e5 2. g3 c6 3. d4 e4 4. c5 b6 5. Nc3 bxc5 6. d5 cxd5 7. Qxd5 Nc6 8. Qxe4+ Be7 9. Bg2 Nf6 10. Qa4 O-O 11. Nh3 Rb8 12. O-O Rb4 13. Qd1 d5 14. Nf4 Rd4 15. Qb3 Na5 16. Qc2 g5 17. Nh3 h6 18. f4 g4 19. Nf2 Nc6 20. e3 Nb4 21. Qb1 Rc4 22. a3 d4 23. exd4 cxd4 24. axb4 dxc3 25. bxc3 Qb6 26. Re1 Rxc3 27. Rxe7 Rd8 28. Re1 Rdd3 29. Qa2 Rxg3 30. hxg3 Rxg3 31. Re7 Be6 32. Rxe6 fxe6 33. Qxa7 Qb5 34. Qa6 Qxb4 35. Qxe6+ Kg7 36. Ra7+ Kg6 37. f5+ 1-0

[Event "Cracovia Festival-A 2023"]
[Site "Krakow"]
[Date "2023.12.28"]
[Round "2.3"]
[White "Berin, Artem"]
[Black "Keinanen, Toivo"]
[Result "0-1"]
[ECO "D31"]
[WhiteElo "2321"]
[BlackElo "2522"]
[Annotator "ChessBase"]
[PlyCount "154"]
[EventDate "2023.12.24"]
[EventType "swiss"]
[EventCountry "POL"]
[SourceTitle "playchess.com"]
[Source "ChessBase"]
[SourceQuality "1"]
[TimeControl "40/5400+30:1800+30"]

1. d4 d5 2. c4 e6 3. Nc3 Be7 4. cxd5 exd5 5. Nf3 Nf6 6. Bg5 c6 7. Qc2 g6 8. e3 Bf5 9. Bd3 Bxd3 10. Qxd3 Nbd7 11. O-O O-O 12. Rab1 a5 13. Nd2 Re8 14. Rfc1 Bd6 15. h3 Qb8 16. Ne2 Nh5 17. e4 Bh2+ 18. Kh1 dxe4 19. Nxe4 Nf4 20. Bxf4 Bxf4 21. Rd1 Bh6 22. d5 Bg7 23. dxc6 Ne5 24. Qb3 bxc6 25. Qxb8 Raxb8 26. Nd6 Ng4 27. Nxe8 Nxf2+ 28. Kg1 Nxd1 29. Nxg7 Rd8 30. Ne8 Rxe8 31. Nd4 c5 32. Rxd1 Rd8 33. Kf2 cxd4 34. Ke2 Re8+ 35. Kf3 Re3+ 36. Kf2 Re4 37. Kf3 f5 38. Rd3 Kf7 39. Ra3 Re5 40. Ra4 Rd5 41. Ke2 Ke6 42. Kd3 Ke5 43. b4 axb4 44. Rxb4 Ra5 45. a4 Kf4 46. g4 Kg3 47. gxf5 Rxf5 48. Rb7 h5 49. Rb5 Rf3+ 50. Kxd4 Kh4 51. a5 Rxh3 52. Ke5 Rf3 53. Rb4+ Kg5 54. Ra4 Rf5+ 55. Ke6 Rf6+ 56. Kd7 h4 57. a6 Rf8 58. a7 Ra8 59. Ke6 h3 60. Ra2 Kh4 61. Ra4+ Kh5 62. Ra3 Kg4 63. Ra4+ Kg5 64. Ra3 h2 65. Rh3 Rxa7 66. Rxh2 Kf4 67. Rf2+ Kg3 68. Rf8 g5 69. Rg8 Ra5 70. Kf6 g4 71. Ke6 Kf3 72. Rf8+ Kg2 73. Rg8 g3 74. Rg7 Kf2 75. Rf7+ Kg1 76. Rg7 g2 77. Rg8 Rh5 0-1

[Event "Cracovia Festival-A 2023"]
[Site "Krakow"]
[Date "2023.12.28"]
[Round "2.4"]
[White "Yezhel, Valiantsin"]
[Black "Janik, Igor"]
[Result "0-1"]
[ECO "B06"]
[WhiteElo "2311"]
[BlackElo "2514"]
[Annotator "ChessBase"]
[PlyCount "112"]
[EventDate "2023.12.24"]
[EventType "swiss"]
[EventCountry "POL"]
[SourceTitle "playchess.com"]
[Source "ChessBase"]
[SourceQuality "1"]
[TimeControl "40/5400+30:1800+30"]

1. d4 g6 2. e4 Bg7 3. Nf3 d6 4. c3 Nf6 5. Bd3 O-O 6. O-O c5 7. dxc5 dxc5 8. h3 Nc6 9. Qe2 Qc7 10. Re1 Rd8 11. e5 Nd5 12. a4 Na5 13. Bc2 Qb6 14. Na3 Be6 15. Ng5 Nc7 16. Nxe6 Qxe6 17. Bf4 Nd5 18. Bg3 Qb6 19. Bd3 e6 20. Nc4 Nxc4 21. Bxc4 Qc6 22. a5 a6 23. f4 Qc7 24. Red1 Ne7 25. Bf2 Bf8 26. Bd3 Nc6 27. b4 Rd7 28. Be4 Rxd1+ 29. Rxd1 cxb4 30. Bb6 Qe7 31. c4 Nxa5 32. Rd6 Nc6 33. Qd2 Rb8 34. c5 Qh4 35. Bxc6 bxc6 36. Qxb4 Bh6 37. Rd4 Qg3 38. Qd2 Kg7 39. Qf2 Qc3 40. g3 Kg8 41. Kg2 Bf8 42. Rd7 Ra8 43. Qd4 Qc2+ 44. Kf3 Qh2 45. Rc7 Qh1+ 46. Kf2 Qxh3 47. Qd7 Qf5 48. Qxc6 Qc2+ 49. Kf3 Qd1+ 50. Kf2 Rd8 51. Ba5 Qc2+ 52. Kf1 Rd1+ 53. Be1 Qd3+ 54. Kf2 Rc1 55. Rc8 Rc2+ 56. Kg1 Qe3+ 0-1

[Event "Cracovia Festival-A 2023"]
[Site "Krakow"]
[Date "2023.12.28"]
[Round "2.5"]
[White "Akbas, Umut Ata"]
[Black "Suder, Jakub"]
[Result "1-0"]
[ECO "B32"]
[WhiteElo "2446"]
[BlackElo "2312"]
[Annotator "ChessBase"]
[PlyCount "69"]
[EventDate "2023.12.24"]
[EventType "swiss"]
[EventCountry "POL"]
[SourceTitle "playchess.com"]
[Source "ChessBase"]
[SourceQuality "1"]
[TimeControl "40/5400+30:1800+30"]

1. e4 c5 2. Nf3 Nc6 3. d4 cxd4 4. Nxd4 e5 5. Nb5 d6 6. N1c3 a6 7. Na3 b5 8. Nd5 Nge7 9. c4 Nd4 10. Bd3 Nxd5 11. exd5 g6 12. O-O Bg7 13. cxb5 O-O 14. Be3 Qh4 15. g3 Qh3 16. Bxd4 exd4 17. bxa6 h5 18. Re1 h4 19. Qe2 hxg3 20. fxg3 Be5 21. Qf2 Rxa6 22. Bxa6 Bxa6 23. Rac1 Qh5 24. Nc2 Bg7 25. Nb4 Bb5 26. Rcd1 Rc8 27. Nc6 Rxc6 28. dxc6 Bxc6 29. Rc1 Bd5 30. Rc8+ Kh7 31. Rd8 Be5 32. Rd7 Kg7 33. Rf1 g5 34. Rxd6 Bb7 35. Rd7 1-0

[Event "Cracovia Festival-A 2023"]
[Site "Krakow"]
[Date "2023.12.28"]
[Round "2.6"]
[White "Kowalczyk, Pawel"]
[Black "Soffer, Ram"]
[Result "0-1"]
[ECO "B40"]
[WhiteElo "2295"]
[BlackElo "2444"]
[Annotator "ChessBase"]
[PlyCount "84"]
[EventDate "2023.12.24"]
[EventType "swiss"]
[EventCountry "POL"]
[SourceTitle "playchess.com"]
[Source "ChessBase"]
[SourceQuality "1"]
[TimeControl "40/5400+30:1800+30"]

1. e4 c5 2. Nf3 e6 3. b3 a6 4. Bb2 Nc6 5. Be2 d5 6. exd5 exd5 7. O-O Nf6 8. d4 cxd4 9. Nxd4 Bc5 10. Nxc6 bxc6 11. c4 O-O 12. cxd5 cxd5 13. Nc3 d4 14. Na4 Ba7 15. Bf3 Rb8 16. Rc1 Bf5 17. Rc6 d3 18. Rxa6 Bd4 19. Ba3 Re8 20. Rd6 Qe7 21. Qc1 Qe5 22. Nb2 Bxb2 23. Qxb2 Qxb2 24. Bxb2 Ne4 25. Rd5 Nd2 26. Rd1 Nxf3+ 27. gxf3 Bg6 28. Be5 Rb7 29. h4 f6 30. Bc3 h5 31. f4 Be4 32. Re1 Rbe7 33. Rc5 Bf3 34. Rxe7 Rxe7 35. Kh2 Re2 36. Kg3 Be4 37. f5 Rc2 38. Kf4 Bg2 39. Rc8+ Kf7 40. Rc7+ Kg8 41. Rc8+ Kh7 42. Kg3 Bb7 0-1

[Event "Cracovia Festival-A 2023"]
[Site "Krakow"]
[Date "2023.12.28"]
[Round "2.7"]
[White "Kozak, Antoni"]
[Black "Kyc, Jerzy"]
[Result "1-0"]
[ECO "A05"]
[WhiteElo "2442"]
[BlackElo "2304"]
[Annotator "ChessBase"]
[PlyCount "67"]
[EventDate "2023.12.24"]
[EventType "swiss"]
[EventCountry "POL"]
[SourceTitle "playchess.com"]
[Source "ChessBase"]
[SourceQuality "1"]
[TimeControl "40/5400+30:1800+30"]

1. Nf3 Nf6 2. c4 c5 3. Nc3 g6 4. e4 Bg7 5. d4 cxd4 6. Nxd4 d6 7. Be2 O-O 8. O-O Nc6 9. Nc2 Nd7 10. Be3 Nc5 11. Nd4 Bd7 12. Re1 Rc8 13. Rc1 Nxd4 14. Bxd4 Bc6 15. Bxg7 Kxg7 16. b4 Ne6 17. Nd5 a5 18. a3 axb4 19. axb4 Kg8 20. Qd2 Ng7 21. Qh6 Bxd5 22. exd5 Qb6 23. Qd2 Rc7 24. Bf1 Ra8 25. Qc3 Rac8 26. g3 e5 27. dxe6 Nxe6 28. Rcd1 Rc6 29. Bh3 Re8 30. Qf6 Ng7 31. Bd7 Rxe1+ 32. Rxe1 Rxc4 33. Re7 Rc1+ 34. Kg2 1-0

[Event "Cracovia Festival-A 2023"]
[Site "Krakow"]
[Date "2023.12.28"]
[Round "2.8"]
[White "Cieslak, Patryk"]
[Black "Sofronie, Iulian"]
[Result "1/2-1/2"]
[ECO "C55"]
[WhiteElo "2284"]
[BlackElo "2438"]
[Annotator "ChessBase"]
[PlyCount "73"]
[EventDate "2023.12.24"]
[EventType "swiss"]
[EventCountry "POL"]
[SourceTitle "playchess.com"]
[Source "ChessBase"]
[SourceQuality "1"]
[TimeControl "40/5400+30:1800+30"]

1. e4 e5 2. Nf3 Nc6 3. Bc4 Nf6 4. d3 h6 5. O-O d6 6. c3 g6 7. d4 Qe7 8. Re1 Bg7 9. Nbd2 O-O 10. h3 Na5 11. Bf1 c5 12. b4 cxb4 13. cxb4 Nc6 14. b5 Nxd4 15. Nxd4 exd4 16. Ba3 Ne8 17. Nc4 Qg5 18. Nxd6 Nxd6 19. Bxd6 Rd8 20. Bc7 Rd7 21. Rc1 b6 22. Bh2 Bb7 23. Bd3 Re8 24. f4 Qe7 25. Qd2 Rc7 26. Rxc7 Qxc7 27. f5 Qc3 28. Qxc3 dxc3 29. fxg6 Bd4+ 30. Kf1 fxg6 31. Bd6 Kg7 32. Bb4 Kf6 33. Re2 Ke5 34. Ke1 Ra8 35. Rc2 Rc8 36. Kd1 Rc7 37. Re2 1/2-1/2

[Event "Cracovia Festival-A 2023"]
[Site "Krakow"]
[Date "2023.12.28"]
[Round "2.9"]
[White "Schwabeneder, Florian"]
[Black "Ashwath, R.."]
[Result "1-0"]
[ECO "A10"]
[WhiteElo "2402"]
[BlackElo "2284"]
[Annotator "ChessBase"]
[PlyCount "47"]
[EventDate "2023.12.24"]
[EventType "swiss"]
[EventCountry "POL"]
[SourceTitle "playchess.com"]
[Source "ChessBase"]
[SourceQuality "1"]
[TimeControl "40/5400+30:1800+30"]

1. c4 f5 2. Nf3 Nf6 3. g3 Nc6 4. d4 e6 5. Bg2 d5 6. Nc3 Ne4 7. cxd5 exd5 8. Qb3 Ne7 9. Ne5 Nxc3 10. bxc3 c6 11. O-O Ng6 12. Nxg6 hxg6 13. c4 dxc4 14. Qxc4 Qf6 15. e4 fxe4 16. Bxe4 Bd6 17. Rb1 Kf8 18. Rb3 Rh5 19. d5 c5 20. Bb2 Qg5 21. Qc2 Kf7 22. f4 Qh6 23. Be5 Bf8 24. d6 1-0

[Event "Cracovia Festival-A 2023"]
[Site "Krakow"]
[Date "2023.12.28"]
[Round "2.10"]
[White "Marszalek, Maciej"]
[Black "Dzida, Kamil"]
[Result "0-1"]
[ECO "A22"]
[WhiteElo "2269"]
[BlackElo "2396"]
[Annotator "ChessBase"]
[PlyCount "84"]
[EventDate "2023.12.24"]
[EventType "swiss"]
[EventCountry "POL"]
[SourceTitle "playchess.com"]
[Source "ChessBase"]
[SourceQuality "1"]
[TimeControl "40/5400+30:1800+30"]

1. c4 e5 2. Nc3 Nf6 3. g3 c6 4. Nf3 e4 5. Nd4 Qb6 6. Nb3 d5 7. cxd5 cxd5 8. d4 Be6 9. Bg2 Nbd7 10. Bf4 a5 11. a4 Bb4 12. O-O O-O 13. Nb5 Rfc8 14. Rc1 Rc6 15. Rxc6 bxc6 16. Nc7 Rc8 17. Nxe6 fxe6 18. Bh3 Kf7 19. f3 exf3 20. Rxf3 c5 21. dxc5 Nxc5 22. Nd4 Kg8 23. Be3 Re8 24. Nc2 Qd6 25. Nxb4 axb4 26. Rf1 e5 27. Bg2 d4 28. Bd2 d3 29. e3 Rb8 30. a5 Nfe4 31. a6 Nxd2 32. Qxd2 Nxa6 33. Rc1 Nc5 34. Rc4 Nb3 35. Qd1 Na5 36. Rh4 d2 37. Bf3 Rd8 38. Kg2 Qd3 39. Be4 Nc4 40. Bxh7+ Qxh7 41. Rxc4 Qd3 42. Rxb4 Rf8 0-1

[Event "Cracovia Festival-A 2023"]
[Site "Krakow"]
[Date "2023.12.28"]
[Round "2.11"]
[White "Bogdanov, Egor"]
[Black "Mirski, Stanislaw"]
[Result "1-0"]
[ECO "B40"]
[WhiteElo "2394"]
[BlackElo "2187"]
[Annotator "ChessBase"]
[PlyCount "69"]
[EventDate "2023.12.24"]
[EventType "swiss"]
[EventCountry "POL"]
[SourceTitle "playchess.com"]
[Source "ChessBase"]
[SourceQuality "1"]
[TimeControl "40/5400+30:1800+30"]

1. e4 c5 2. Nf3 e6 3. c3 d5 4. exd5 Qxd5 5. d4 Nf6 6. Na3 cxd4 7. Nb5 Na6 8. Nbxd4 Be7 9. Be2 O-O 10. O-O Rd8 11. Bf4 Bd6 12. Bg5 h6 13. Bxf6 gxf6 14. Qc2 Bf8 15. Rfd1 Bd7 16. Rd2 Be8 17. Re1 Qxa2 18. Qe4 Qa5 19. Bc4 Nc7 20. Qh4 Bg7 21. Qg3 Bc6 22. b4 Qb6 23. Nh4 Bd7 24. Ndf5 Ne8 25. Nxh6+ Kf8 26. Qg6 Nd6 27. Qh7 Bxh6 28. Qxh6+ Ke7 29. Qg7 Be8 30. Rxe6+ Kd7 31. Rexd6+ Qxd6 32. Rxd6+ Kxd6 33. Qxf6+ Kc7 34. Qf4+ Kc6 35. h3 1-0

[Event "Cracovia Festival-A 2023"]
[Site "Krakow"]
[Date "2023.12.28"]
[Round "2.12"]
[White "Sieciechowicz, Marcin"]
[Black "Valiyev, Shahin"]
[Result "1-0"]
[ECO "D31"]
[WhiteElo "2391"]
[BlackElo "2158"]
[Annotator "ChessBase"]
[PlyCount "81"]
[EventDate "2023.12.24"]
[EventType "swiss"]
[EventCountry "POL"]
[SourceTitle "playchess.com"]
[Source "ChessBase"]
[SourceQuality "1"]
[TimeControl "40/5400+30:1800+30"]

1. d4 d5 2. c4 e6 3. Nc3 Be7 4. cxd5 exd5 5. Bf4 c6 6. e3 Bf5 7. g4 Be6 8. h4 Nd7 9. g5 h6 10. g6 Ngf6 11. Bd3 O-O 12. gxf7+ Bxf7 13. Qf3 Ne4 14. Nge2 Bb4 15. Bxe4 dxe4 16. Qg2 Kh8 17. a3 Bxc3+ 18. Nxc3 Nf6 19. Rg1 Rg8 20. Be5 Bh5 21. Nxe4 Qa5+ 22. Nc3 Rae8 23. f3 Rxe5 24. dxe5 Qxe5 25. O-O-O Qxe3+ 26. Qd2 Qxd2+ 27. Rxd2 Bxf3 28. Rf1 Bh5 29. Re1 Re8 30. Rxe8+ Bxe8 31. Rd8 Kh7 32. Ne4 Nxe4 33. Rxe8 Nd6 34. Re7 a5 35. h5 Kg8 36. Rd7 Ne4 37. Rxb7 Nf6 38. b4 axb4 39. a4 Ne4 40. Rxb4 Nc5 41. Rc4 1-0